General information
- name: BNet
- type: Ladder team game (AT/RT)
- host: Battle.net
- saver: FightOrFlight
map: FullScaleAssault
- players: 8
- length: 68:11
- speed: Fast
- version: 1.26 W3XP
- replay type: Public
» download(325 KB)
Players
team 1 (winner)
FightOrFlight (
purple | 69 APM | 4699 actions | 68:11)
9 Archmage
3 Summon Water Elemental
3 Brilliance Aura
2 Blizzard
1 Mass Teleport
1 Death Knight
1 Death Coil
1 Dark Ranger
1 Silence
» actions
| Assign group hotkey | 113 | |
| Basic commands | 405 | |
| Build / train | 341 | |
| ESC pressed | 31 | |
| Enter build submenu | 126 | |
| Enter hero's abilities submenu | 12 | |
| Give item / drop item | 9 | |
| Right click | 1655 | |
| Select / deselect | 709 | |
| Select group hotkey | 794 | |
| Use ability | 504 | |
4699 total
» units
| Peasant | 29 | |
| Footman | 7 | |
| Goblin Shredder | 7 | |
| Goblin Zeppelin | 28 | |
| Dragonhawk Rider | 1 | |
| Goblin Sapper | 8 | |
| Gryphon Rider | 1 | |
81 total
» upgrades
| Swords | 4 | |
| Masonry | 3 | |
| Armor | 3 | |
| Storm Hammers | 1 | |
| Animal War Training | 1 | |
| Cloud | 1 | |
| Magic Sentry | 1 | |
| Lumber Harvesting | 1 | |
| Gunpowder | 1 | |
| Plating | 1 | |
| Sorceress Training | 1 | |
| Priest Training | 1 | |
| Control Magic | 1 | |
| Defend | 1 | |
| Long Rifles | 1 | |
22 total
» buildings
| Altar of Kings | 1 | |
| Barracks | 1 | |
| Farm | 6 | |
| Blacksmith | 1 | |
| Arcane Vault | 2 | |
| Lumber Mill | 1 | |
| Town Hall | 7 | |
| Scout Tower | 120 | |
| Keep | 3 | |
| Guard Tower | 145 | |
| Arcane Tower | 5 | |
| Castle | 5 | |
| Gryphon Aviary | 4 | |
| Arcane Sanctum | 1 | |
302 total
» build order
01:03 Altar of Kings
01:04 Barracks
01:06 Farm
01:10 Farm
01:11 Farm
01:51 Farm
02:12 Farm
02:35 Blacksmith
03:41 Arcane Vault
03:49 Lumber Mill
04:49 Town Hall
04:52 Scout Tower
04:54 Scout Tower
04:55 Scout Tower
04:55 Scout Tower
04:56 Scout Tower
04:57 Scout Tower
05:08 Keep
05:08 Keep
05:24 Guard Tower
05:24 Guard Tower
05:24 Guard Tower
05:25 Guard Tower
05:26 Guard Tower
05:27 Guard Tower
06:32 Guard Tower
06:33 Guard Tower
06:34 Arcane Tower
07:32 Farm
07:37 Town Hall
07:39 Scout Tower
07:40 Scout Tower
07:42 Scout Tower
07:43 Scout Tower
08:20 Arcane Tower
08:21 Guard Tower
08:21 Guard Tower
08:22 Guard Tower
11:19 Scout Tower
11:19 Scout Tower
11:20 Scout Tower
11:21 Scout Tower
11:21 Scout Tower
11:22 Scout Tower
11:23 Scout Tower
11:23 Scout Tower
11:24 Scout Tower
11:24 Scout Tower
11:25 Scout Tower
11:26 Scout Tower
11:51 Guard Tower
12:20 Guard Tower
12:21 Guard Tower
12:21 Guard Tower
12:46 Arcane Tower
12:46 Arcane Tower
12:46 Guard Tower
12:46 Guard Tower
13:02 Castle
13:02 Castle
13:03 Castle
13:05 Gryphon Aviary
13:06 Gryphon Aviary
13:09 Gryphon Aviary
13:11 Gryphon Aviary
13:30 Scout Tower
13:31 Scout Tower
13:31 Scout Tower
13:32 Scout Tower
13:34 Scout Tower
13:40 Scout Tower
13:42 Scout Tower
13:45 Scout Tower
16:09 Guard Tower
17:00 Scout Tower
17:01 Scout Tower
17:01 Scout Tower
17:03 Scout Tower
17:03 Scout Tower
17:35 Guard Tower
17:35 Guard Tower
17:35 Guard Tower
17:36 Guard Tower
17:36 Guard Tower
17:37 Guard Tower
17:52 Town Hall
17:55 Scout Tower
17:56 Scout Tower
17:57 Scout Tower
17:59 Scout Tower
18:01 Scout Tower
18:03 Scout Tower
18:04 Scout Tower
18:07 Scout Tower
18:09 Scout Tower
18:11 Scout Tower
18:13 Scout Tower
18:37 Guard Tower
18:37 Guard Tower
19:21 Guard Tower
19:21 Guard Tower
19:21 Guard Tower
19:22 Guard Tower
19:29 Guard Tower
20:00 Guard Tower
20:00 Guard Tower
21:45 Scout Tower
21:47 Scout Tower
21:48 Scout Tower
21:51 Guard Tower
21:51 Guard Tower
21:51 Guard Tower
21:52 Guard Tower
21:52 Guard Tower
22:11 Arcane Sanctum
22:30 Guard Tower
22:31 Guard Tower
22:31 Guard Tower
25:47 Scout Tower
25:48 Scout Tower
25:49 Scout Tower
26:10 Guard Tower
26:10 Guard Tower
26:10 Guard Tower
26:11 Guard Tower
26:12 Guard Tower
26:12 Guard Tower
26:53 Scout Tower
26:54 Scout Tower
26:55 Scout Tower
26:56 Scout Tower
26:59 Scout Tower
27:14 Guard Tower
27:14 Guard Tower
27:14 Guard Tower
27:15 Guard Tower
27:19 Guard Tower
27:20 Guard Tower
27:20 Guard Tower
27:20 Guard Tower
27:22 Guard Tower
27:22 Guard Tower
27:22 Guard Tower
27:30 Guard Tower
27:30 Guard Tower
27:31 Guard Tower
28:35 Town Hall
28:37 Scout Tower
28:38 Scout Tower
28:40 Scout Tower
28:44 Town Hall
29:02 Scout Tower
29:02 Scout Tower
29:07 Scout Tower
29:08 Scout Tower
29:09 Scout Tower
29:12 Scout Tower
29:12 Scout Tower
29:13 Scout Tower
29:17 Scout Tower
29:21 Scout Tower
29:22 Scout Tower
29:23 Scout Tower
29:25 Scout Tower
29:26 Scout Tower
29:31 Scout Tower
29:32 Scout Tower
29:34 Scout Tower
29:36 Scout Tower
29:37 Scout Tower
29:58 Guard Tower
29:58 Guard Tower
29:58 Guard Tower
29:59 Guard Tower
30:32 Guard Tower
30:32 Guard Tower
30:32 Guard Tower
30:32 Guard Tower
30:33 Guard Tower
30:33 Guard Tower
32:17 Guard Tower
35:54 Town Hall
35:58 Scout Tower
35:59 Scout Tower
35:59 Scout Tower
35:59 Scout Tower
36:00 Scout Tower
36:00 Scout Tower
36:01 Scout Tower
36:02 Scout Tower
36:03 Scout Tower
36:03 Scout Tower
36:03 Scout Tower
36:04 Scout Tower
36:04 Scout Tower
36:05 Scout Tower
36:05 Scout Tower
36:05 Scout Tower
36:05 Scout Tower
38:05 Guard Tower
38:06 Guard Tower
38:20 Scout Tower
38:23 Town Hall
38:24 Scout Tower
38:25 Scout Tower
38:25 Scout Tower
38:26 Scout Tower
38:26 Scout Tower
38:27 Scout Tower
38:33 Scout Tower
38:34 Scout Tower
38:56 Guard Tower
38:56 Guard Tower
38:56 Guard Tower
38:56 Guard Tower
38:58 Guard Tower
38:58 Guard Tower
39:17 Guard Tower
39:17 Guard Tower
39:18 Scout Tower
39:24 Scout Tower
39:29 Scout Tower
39:55 Scout Tower
39:55 Scout Tower
39:55 Scout Tower
39:57 Scout Tower
39:58 Scout Tower
40:00 Scout Tower
40:02 Scout Tower
40:10 Guard Tower
40:11 Guard Tower
40:11 Guard Tower
40:29 Guard Tower
40:29 Guard Tower
40:29 Guard Tower
40:30 Guard Tower
40:30 Guard Tower
40:31 Guard Tower
40:31 Guard Tower
40:31 Guard Tower
40:38 Arcane Vault
41:10 Guard Tower
41:10 Guard Tower
41:10 Guard Tower
41:11 Guard Tower
» items
| Scroll of Regeneration | 10 | |
| Lesser Clarity Potion | 1 | |
| Staff of Teleportation | 1 | |
| Boots of Speed | 1 | |
| Tome of Retraining | 1 | |
| Potion of Lesser Invulnerability | 1 | |
| Potion of Healing | 3 | |
| Scroll of Town Portal | 4 | |
| Mechanical Critter | 2 | |
24 total
Slapstick (
pink | 41 APM | 2823 actions | 68:10)
10 Blademaster
3 Wind Walk
3 Critical Strike
1 Bladestorm
3 Mirror Image
» actions
| Assign group hotkey | 31 | |
| Basic commands | 188 | |
| Build / train | 119 | |
| Enter build submenu | 56 | |
| Enter hero's abilities submenu | 10 | |
| Give item / drop item | 19 | |
| Remove unit from queue | 8 | |
| Right click | 1230 | |
| Select / deselect | 485 | |
| Select group hotkey | 384 | |
| Use ability | 292 | |
2823 total
» units
| Peon | 14 | |
| Grunt | 5 | |
| Goblin Shredder | 2 | |
| Goblin Zeppelin | 2 | |
| Goblin Sapper | 14 | |
| Blue Dragon | 4 | |
| Blue Drake | 1 | |
| Blue Dragon Whelp | 1 | |
| Troll Batrider | 1 | |
44 total
» upgrades
| Ranged Weapons | 3 | |
| Armor | 3 | |
| Reinforced Defenses | 1 | |
| Troll Regeneration | 1 | |
| Envenomed Spears | 1 | |
| Liquid Fire | 1 | |
| Ensnare | 1 | |
| Pillage | 1 | |
| Spiked Barricades | 3 | |
15 total
» buildings
| Orc Burrow | 5 | |
| Altar of Storms | 1 | |
| Barracks | 1 | |
| Stronghold | 1 | |
| Voodoo Lounge | 3 | |
| Great Hall | 5 | |
| War Mill | 3 | |
| Fortress | 1 | |
| Watch Tower | 57 | |
| Beastiary | 6 | |
83 total
» build order
00:13 Orc Burrow
00:51 Altar of Storms
00:53 Barracks
01:22 Orc Burrow
02:39 Stronghold
03:19 Voodoo Lounge
04:04 Orc Burrow
04:41 Great Hall
04:53 War Mill
06:00 War Mill
06:04 Orc Burrow
06:16 Fortress
07:12 Watch Tower
07:12 Watch Tower
07:13 Watch Tower
07:13 Watch Tower
08:35 Beastiary
08:36 Beastiary
08:36 Beastiary
08:41 Beastiary
12:46 Great Hall
12:48 Watch Tower
12:48 Watch Tower
12:48 Watch Tower
12:49 Watch Tower
12:49 Watch Tower
12:50 Watch Tower
12:51 Watch Tower
12:52 Watch Tower
12:52 Watch Tower
12:53 Watch Tower
12:53 Watch Tower
12:54 Watch Tower
15:05 War Mill
16:49 Watch Tower
16:50 Watch Tower
16:51 Watch Tower
16:52 Watch Tower
16:53 Watch Tower
16:54 Watch Tower
16:55 Watch Tower
16:56 Watch Tower
24:54 Great Hall
24:57 Watch Tower
24:58 Watch Tower
24:58 Watch Tower
24:59 Watch Tower
25:00 Watch Tower
25:00 Watch Tower
25:01 Watch Tower
25:01 Watch Tower
25:02 Watch Tower
25:02 Watch Tower
25:05 Watch Tower
31:05 Beastiary
31:07 Beastiary
31:53 Voodoo Lounge
31:57 Voodoo Lounge
36:27 Great Hall
36:30 Watch Tower
36:31 Watch Tower
36:31 Watch Tower
36:31 Watch Tower
36:32 Watch Tower
36:33 Watch Tower
36:33 Watch Tower
36:35 Watch Tower
36:35 Watch Tower
36:36 Watch Tower
36:37 Watch Tower
36:38 Watch Tower
40:07 Great Hall
40:09 Watch Tower
40:09 Watch Tower
40:10 Watch Tower
40:10 Watch Tower
40:12 Watch Tower
40:13 Watch Tower
40:13 Watch Tower
43:28 Watch Tower
43:29 Watch Tower
55:55 Orc Burrow
» items
| Healing Salve | 8 | |
| Potion of Healing | 6 | |
| Scroll of Town Portal | 4 | |
| Lesser Clarity Potion | 7 | |
| Potion of Mana | 11 | |
| Boots of Speed | 1 | |
| Orb of Lightning | 1 | |
| Periapt of Vitality | 1 | |
39 total

»
Apestoso (
red | 15 APM | 471 actions | 31:38)
3 Death Knight
2 Unholy Aura
1 Death Coil
3 Dark Ranger
2 Black Arrow
1 Silence
» actions
| Basic commands | 2 | |
| Build / train | 60 | |
| ESC pressed | 7 | |
| Enter build submenu | 20 | |
| Enter hero's abilities submenu | 6 | |
| Give item / drop item | 1 | |
| Right click | 133 | |
| Select / deselect | 203 | |
| Use ability | 39 | |
471 total
» units
| Acolyte | 7 | |
| Ghoul | 6 | |
| Crypt Fiend | 6 | |
| Goblin Zeppelin | 2 | |
| Frost Wyrm | 8 | |
| Gargoyle | 4 | |
33 total
» upgrades
| Creature Attack | 3 | |
| Creature Carapace | 3 | |
| Web | 1 | |
| Freezing Breath | 1 | |
8 total
» buildings
| Ziggurat | 11 | |
| Altar of Darkness | 1 | |
| Graveyard | 1 | |
| Crypt | 1 | |
| Nerubian Tower | 4 | |
| Tomb of Relics | 2 | |
| Halls of the Dead | 1 | |
| Spirit Tower | 2 | |
| Black Citadel | 1 | |
| Sacrificial Pit | 1 | |
| Boneyard | 1 | |
26 total
» build order
00:13 Ziggurat
00:23 Altar of Darkness
00:40 Graveyard
01:13 Crypt
01:54 Ziggurat
03:26 Nerubian Tower
03:39 Ziggurat
03:53 Tomb of Relics
04:04 Tomb of Relics
04:18 Nerubian Tower
04:48 Nerubian Tower
05:15 Ziggurat
05:51 Halls of the Dead
06:19 Spirit Tower
09:12 Black Citadel
09:21 Sacrificial Pit
11:57 Boneyard
16:07 Ziggurat
16:36 Ziggurat
16:51 Ziggurat
19:02 Ziggurat
19:06 Ziggurat
19:09 Ziggurat
19:15 Ziggurat
20:14 Spirit Tower
30:00 Nerubian Tower
» items
| Rod of Necromancy | 1 | |
| Orb of Corruption | 1 | |
| Scroll of Town Portal | 1 | |
3 total

»
lmnakedrightnow (
green | 33 APM | 2265 actions | 68:10)
8 Death Knight
3 Death Coil
3 Unholy Aura
1 Death Pact
1 Animate Dead
5 Lich
3 Frost Armor
1 Dark Ritual
1 Frost Nova
» actions
| Assign group hotkey | 13 | |
| Basic commands | 8 | |
| Build / train | 76 | |
| ESC pressed | 4 | |
| Enter build submenu | 23 | |
| Enter hero's abilities submenu | 17 | |
| Give item / drop item | 5 | |
| Right click | 1352 | |
| Select / deselect | 615 | |
| Select group hotkey | 54 | |
| Use ability | 98 | |
2265 total
» units
| Acolyte | 4 | |
| Ghoul | 3 | |
| Crypt Fiend | 15 | |
| Obsidian Statue | 6 | |
| Goblin Zeppelin | 1 | |
29 total
» upgrades
| Web | 1 | |
| Destroyer Form | 1 | |
| Creature Attack | 3 | |
| Creature Carapace | 3 | |
8 total
» buildings
| Crypt | 1 | |
| Graveyard | 1 | |
| Ziggurat | 13 | |
| Halls of the Dead | 1 | |
| Altar of Darkness | 2 | |
| Nerubian Tower | 7 | |
| Tomb of Relics | 1 | |
| Slaughterhouse | 1 | |
| Black Citadel | 1 | |
| Sacrificial Pit | 1 | |
| Necropolis | 1 | |
30 total
» build order
00:09 Crypt
00:19 Graveyard
00:52 Ziggurat
01:59 Halls of the Dead
02:17 Altar of Darkness
02:29 Ziggurat
03:29 Nerubian Tower
03:34 Ziggurat
03:55 Ziggurat
04:00 Tomb of Relics
05:34 Slaughterhouse
06:07 Black Citadel
06:44 Ziggurat
08:38 Nerubian Tower
09:43 Ziggurat
10:39 Sacrificial Pit
10:49 Ziggurat
23:14 Nerubian Tower
23:16 Nerubian Tower
26:19 Nerubian Tower
31:24 Necropolis
31:36 Ziggurat
31:39 Ziggurat
32:39 Ziggurat
32:42 Ziggurat
32:44 Nerubian Tower
32:48 Nerubian Tower
33:04 Ziggurat
33:15 Ziggurat
33:51 Altar of Darkness
» items
| Rod of Necromancy | 3 | |
| Sacrificial Skull | 1 | |
| Orb of Lightning | 1 | |
| Scroll of Speed | 1 | |
| Potion of Healing | 1 | |
| Orb of Corruption | 2 | |
| Scroll of Town Portal | 6 | |
15 total
team 2 (loser)
RILEY-COOPERLOL (
orange | 53 APM | 3598 actions | 68:10)
5 Archmage
3 Blizzard
2 Brilliance Aura
5 Paladin
3 Holy Light
2 Divine Shield
4 Mountain King
2 Storm Bolt
2 Bash
» actions
| Assign group hotkey | 187 | |
| Basic commands | 54 | |
| Build / train | 170 | |
| Enter build submenu | 37 | |
| Enter hero's abilities submenu | 14 | |
| Give item / drop item | 14 | |
| Remove unit from queue | 3 | |
| Right click | 1215 | |
| Select / deselect | 579 | |
| Select group hotkey | 1110 | |
| Use ability | 215 | |
3598 total
» units
| Peasant | 16 | |
| Goblin Shredder | 2 | |
| Gryphon Rider | 8 | |
| Goblin Zeppelin | 6 | |
| Blue Dragon | 1 | |
| Knight | 4 | |
| Mortar Team | 2 | |
| Flying Machine | 3 | |
42 total
» upgrades
| Lumber Harvesting | 2 | |
| Masonry | 3 | |
| Swords | 3 | |
| Armor | 3 | |
| Storm Hammers | 1 | |
| Cloud | 1 | |
| Animal War Training | 1 | |
| Backpack | 1 | |
| Gunpowder | 3 | |
| Plating | 3 | |
| Magic Sentry | 1 | |
| Sorceress Training | 2 | |
| Priest Training | 2 | |
| Control Magic | 1 | |
| Flying Machine Bombs | 1 | |
| Flak Cannons | 1 | |
| Fragmentation Shards | 1 | |
| Flare | 2 | |
| Barrage | 1 | |
| Long Rifles | 1 | |
| Defend | 1 | |
35 total
» buildings
| Altar of Kings | 1 | |
| Farm | 14 | |
| Scout Tower | 39 | |
| Keep | 4 | |
| Arcane Tower | 2 | |
| Lumber Mill | 1 | |
| Arcane Vault | 1 | |
| Blacksmith | 1 | |
| Guard Tower | 27 | |
| Gryphon Aviary | 3 | |
| Castle | 3 | |
| Barracks | 2 | |
| Town Hall | 2 | |
| Arcane Sanctum | 1 | |
| Workshop | 1 | |
102 total
» build order
00:08 Altar of Kings
00:20 Farm
01:00 Scout Tower
01:26 Farm
01:34 Keep
01:35 Keep
01:39 Arcane Tower
01:42 Lumber Mill
01:52 Arcane Vault
01:59 Farm
02:06 Scout Tower
02:10 Blacksmith
02:34 Scout Tower
02:37 Scout Tower
02:57 Guard Tower
03:17 Guard Tower
03:21 Farm
03:25 Farm
04:19 Gryphon Aviary
04:41 Castle
04:42 Castle
05:20 Gryphon Aviary
05:26 Gryphon Aviary
05:30 Barracks
07:32 Farm
08:36 Guard Tower
08:36 Guard Tower
08:36 Guard Tower
11:02 Town Hall
11:12 Scout Tower
11:13 Scout Tower
11:13 Scout Tower
11:14 Scout Tower
11:14 Scout Tower
12:06 Guard Tower
12:27 Guard Tower
13:13 Scout Tower
13:13 Scout Tower
13:14 Scout Tower
13:19 Guard Tower
13:27 Scout Tower
13:28 Scout Tower
13:28 Scout Tower
13:29 Scout Tower
13:29 Scout Tower
13:30 Scout Tower
13:30 Scout Tower
13:32 Scout Tower
13:33 Scout Tower
13:34 Scout Tower
13:35 Scout Tower
13:42 Guard Tower
13:53 Farm
13:54 Farm
13:54 Farm
13:59 Guard Tower
13:59 Guard Tower
14:09 Guard Tower
14:11 Guard Tower
14:34 Guard Tower
14:35 Guard Tower
14:36 Scout Tower
14:37 Scout Tower
14:40 Guard Tower
15:04 Guard Tower
15:07 Guard Tower
15:13 Keep
15:13 Keep
15:32 Guard Tower
15:38 Town Hall
17:15 Farm
17:17 Farm
17:17 Farm
17:18 Farm
17:19 Farm
19:46 Scout Tower
19:46 Scout Tower
19:46 Scout Tower
19:47 Scout Tower
19:49 Scout Tower
19:49 Scout Tower
20:19 Guard Tower
21:29 Castle
21:35 Guard Tower
21:40 Scout Tower
21:40 Scout Tower
21:41 Scout Tower
22:16 Guard Tower
24:29 Guard Tower
26:11 Arcane Sanctum
47:57 Workshop
52:41 Barracks
56:48 Scout Tower
56:56 Scout Tower
57:16 Scout Tower
66:18 Arcane Tower
» items
| Scroll of Regeneration | 6 | |
| Scroll of Town Portal | 8 | |
| Staff of Teleportation | 5 | |
| Ivory Tower | 3 | |
| Staff of Sanctuary | 2 | |
| Orb of Fire | 2 | |
| Potion of Mana | 2 | |
| Boots of Speed | 2 | |
| Mechanical Critter | 1 | |
31 total

»
dabsdabsdabs (
yellow | 29 APM | 1134 actions | 39:07)
5 Beastmaster
3 Summon Bear
2 Summon Quilbeast
» actions
| Basic commands | 1 | |
| Build / train | 66 | |
| Enter build submenu | 39 | |
| Enter hero's abilities submenu | 5 | |
| Remove unit from queue | 2 | |
| Right click | 513 | |
| Select / deselect | 428 | |
| Use ability | 80 | |
1134 total
» units
| Acolyte | 16 | |
| Ghoul | 12 | |
| Frost Wyrm | 14 | |
42 total
» upgrades
| Creature Attack | 2 | |
| Creature Carapace | 1 | |
| Freezing Breath | 1 | |
4 total
» buildings
| Altar of Darkness | 1 | |
| Ziggurat | 11 | |
| Crypt | 1 | |
| Halls of the Dead | 1 | |
| Graveyard | 1 | |
| Tomb of Relics | 1 | |
| Black Citadel | 1 | |
| Sacrificial Pit | 1 | |
| Boneyard | 2 | |
| Nerubian Tower | 1 | |
21 total
» build order
01:32 Altar of Darkness
01:36 Ziggurat
01:52 Crypt
03:53 Halls of the Dead
04:09 Ziggurat
05:08 Graveyard
05:23 Tomb of Relics
06:13 Ziggurat
06:59 Black Citadel
07:01 Sacrificial Pit
09:54 Boneyard
10:07 Boneyard
10:24 Nerubian Tower
10:46 Ziggurat
13:35 Ziggurat
17:05 Ziggurat
17:06 Ziggurat
19:16 Ziggurat
33:47 Ziggurat
34:34 Ziggurat
35:02 Ziggurat
» items
| Potion of Healing | 7 | |
| Scroll of Town Portal | 1 | |
| Dust of Appearance | 1 | |
9 total

»
KingSchlong (
teal | 20 APM | 814 actions | 41:39)
7 Mountain King
3 Thunder Clap
3 Storm Bolt
1 Avatar
» actions
| Assign group hotkey | 7 | |
| Basic commands | 124 | |
| Build / train | 112 | |
| Enter build submenu | 32 | |
| Enter hero's abilities submenu | 7 | |
| Give item / drop item | 4 | |
| Right click | 19 | |
| Select / deselect | 303 | |
| Select group hotkey | 90 | |
| Use ability | 116 | |
814 total
» units
| Peasant | 44 | |
| Gryphon Rider | 7 | |
| Knight | 10 | |
| Dragonhawk Rider | 3 | |
64 total
» upgrades
| Lumber Harvesting | 1 | |
| Masonry | 1 | |
| Animal War Training | 1 | |
| Storm Hammers | 1 | |
| Swords | 3 | |
| Armor | 3 | |
| Cloud | 1 | |
| Magic Sentry | 1 | |
| Plating | 1 | |
13 total
» buildings
| Farm | 11 | |
| Lumber Mill | 2 | |
| Altar of Kings | 1 | |
| Keep | 1 | |
| Arcane Vault | 2 | |
| Barracks | 1 | |
| Castle | 1 | |
| Gryphon Aviary | 4 | |
| Blacksmith | 1 | |
| Town Hall | 2 | |
| Scout Tower | 4 | |
| Arcane Sanctum | 1 | |
| Guard Tower | 4 | |
35 total
» build order
00:08 Farm
00:12 Farm
01:51 Lumber Mill
02:50 Altar of Kings
03:41 Lumber Mill
03:47 Keep
04:03 Farm
04:15 Arcane Vault
04:47 Barracks
06:03 Farm
06:32 Castle
06:40 Gryphon Aviary
06:44 Gryphon Aviary
07:10 Gryphon Aviary
07:15 Farm
07:28 Gryphon Aviary
08:12 Blacksmith
08:57 Farm
11:49 Town Hall
18:21 Farm
18:27 Farm
18:31 Farm
18:35 Farm
26:18 Farm
30:41 Town Hall
32:19 Scout Tower
32:22 Scout Tower
32:26 Scout Tower
32:29 Scout Tower
32:48 Arcane Vault
32:58 Arcane Sanctum
35:17 Guard Tower
35:19 Guard Tower
35:20 Guard Tower
35:22 Guard Tower
» items
| Scroll of Regeneration | 8 | |
| Lesser Clarity Potion | 6 | |
| Orb of Fire | 1 | |
| Periapt of Vitality | 1 | |
| Boots of Speed | 1 | |
| Scroll of Town Portal | 4 | |
21 total
lydabox (
blue | 33 APM | 1275 actions | 38:20)
3 Archmage
2 Summon Water Elemental
1 Blizzard
» actions
| Assign group hotkey | 41 | |
| Build / train | 99 | |
| Enter build submenu | 30 | |
| Enter hero's abilities submenu | 3 | |
| Give item / drop item | 2 | |
| Remove unit from queue | 2 | |
| Right click | 504 | |
| Select / deselect | 365 | |
| Select group hotkey | 157 | |
| Use ability | 71 | |
1275 total
» units
| Peasant | 24 | |
| Footman | 5 | |
| Rifleman | 5 | |
| Mortar Team | 9 | |
| Knight | 7 | |
| Goblin Shredder | 2 | |
| Priest | 4 | |
| Sorceress | 4 | |
| Siege Engine | 2 | |
62 total
» upgrades
| Masonry | 3 | |
| Gunpowder | 2 | |
| Armor | 1 | |
| Priest Training | 2 | |
| Lumber Harvesting | 1 | |
| Plating | 1 | |
| Fragmentation Shards | 1 | |
| Barrage | 1 | |
| Sorceress Training | 2 | |
| Animal War Training | 1 | |
| Swords | 1 | |
| Magic Sentry | 1 | |
17 total
» buildings
| Altar of Kings | 1 | |
| Farm | 12 | |
| Barracks | 1 | |
| Lumber Mill | 1 | |
| Keep | 1 | |
| Blacksmith | 1 | |
| Arcane Vault | 2 | |
| Workshop | 2 | |
| Arcane Sanctum | 1 | |
| Castle | 1 | |
| Town Hall | 4 | |
| Scout Tower | 18 | |
| Arcane Tower | 1 | |
| Guard Tower | 6 | |
52 total
» build order
00:08 Altar of Kings
00:23 Farm
01:02 Barracks
01:06 Farm
01:49 Farm
02:04 Lumber Mill
02:32 Farm
04:54 Keep
05:00 Blacksmith
05:08 Arcane Vault
07:16 Workshop
07:22 Arcane Sanctum
07:24 Castle
08:42 Farm
08:44 Farm
09:53 Workshop
12:08 Farm
12:09 Farm
12:09 Farm
12:10 Farm
15:03 Town Hall
17:14 Town Hall
18:17 Scout Tower
18:18 Scout Tower
18:19 Scout Tower
18:19 Scout Tower
18:20 Scout Tower
18:21 Scout Tower
18:22 Scout Tower
18:24 Scout Tower
18:58 Arcane Tower
19:01 Guard Tower
20:02 Town Hall
20:25 Guard Tower
20:46 Guard Tower
22:40 Guard Tower
27:04 Town Hall
31:57 Arcane Vault
33:17 Scout Tower
33:17 Scout Tower
33:19 Scout Tower
33:19 Scout Tower
33:53 Guard Tower
33:57 Scout Tower
33:59 Scout Tower
34:00 Scout Tower
34:02 Scout Tower
34:40 Guard Tower
34:51 Farm
34:52 Farm
36:30 Scout Tower
36:31 Scout Tower
» items
| Potion of Healing | 3 | |
| Potion of Mana | 3 | |
| Scroll of Regeneration | 1 | |
7 total
Chat log
(02:14 / Allies) lmnakedrightnow: what units uds
(02:20 / All) RILEY-COOPERLOL: u just found out now?
(03:40 / Allies) Slapstick: goddamnit
(03:52 / Allies) Slapstick: is blue gonna fuck with me
(04:03 / Allies) lmnakedrightnow: yeah
(04:04 / Allies) FightOrFlight: no he's shit
(04:51 / Allies) lmnakedrightnow: we need to expo up fast okay?
(04:57 / Allies) lmnakedrightnow: put them on defence
(05:06 / Allies) Slapstick: gold
(07:17 / Allies) FightOrFlight: 100 wood please
(07:28 / Allies) FightOrFlight: ty
(09:14 / Allies) FightOrFlight: 100 wood
(10:05 / Allies) FightOrFlight: I needed that zeppelin
(10:08 / Allies) FightOrFlight: now I can't creep the ogres
(10:11 / Allies) FightOrFlight: Why did you even want it
(10:20 / Allies) Slapstick: who
(10:26 / Allies) FightOrFlight: Red took it for no reason
(10:29 / Allies) FightOrFlight: and now I won't be level 5
(13:48 / Allies) lmnakedrightnow: gold?
(14:01 / All) Slapstick: I wasn't taking no for an answer
(14:30 / All) dabsdabsdabs: i bought like 6 potions lol
(15:26 / All) Slapstick: blue mhs?
(15:44 / All) Slapstick: he went right where I was
(15:47 / All) Slapstick: From teals
(16:04 / All) Slapstick: totally mhs
(17:01 / Allies) lmnakedrightnow: killed an army of griffs
(17:04 / Allies) lmnakedrightnow: blues alter
(17:08 / Allies) lmnakedrightnow: all his miners
(17:51 / All) dabsdabsdabs: lol
(18:22 / Allies) lmnakedrightnow: gold me purp lol
(18:34 / Allies) FightOrFlight: You didn't even ask please why should I
(19:57 / All) Slapstick: YOU CAN'T HAVE AN EXPO
(20:00 / All) Slapstick: SO STOP IT
(20:05 / All) lmnakedrightnow: lol
(21:33 / All) dabsdabsdabs: ..
(21:36 / All) FightOrFlight: lol
(21:39 / All) dabsdabsdabs: Lol
(22:16 / Allies) lmnakedrightnow: hit that
(22:18 / Allies) lmnakedrightnow: its fucked up
(23:27 / Allies) lmnakedrightnow: GOLD please
(23:43 / Allies) FightOrFlight: I'm not a walking bank, and even a bank doesn't give money to beggars
(24:11 / All) Slapstick: whoops
(24:20 / All) Slapstick: how did I die
(24:50 / Allies) FightOrFlight: I was going to take that
(25:07 / Allies) FightOrFlight: I suppose you can have it to be equal on expos
(25:34 / Allies) Slapstick: I think teal came up from the rear while I was looking to take that expo lawl
(25:40 / Allies) Slapstick: or yellow
(27:41 / Allies) lmnakedrightnow: HELP?
(29:23 / All) RILEY-COOPERLOL: where gree army
(31:03 / All) FightOrFlight: I wonder if I'll even need to make units this game
(31:19 / All) RILEY-COOPERLOL: kik'
(31:53 / All) lmnakedrightnow: purp jewed us
(32:03 / All) RILEY-COOPERLOL: i see
(32:08 / All) lmnakedrightnow: 28889 gold
(32:13 / All) FightOrFlight: Your own fault for not being good at finances
(32:19 / All) lmnakedrightnow: see
(32:22 / All) lmnakedrightnow: jew lol
(32:35 / All) lmnakedrightnow: i should have bought stock in purple
(32:47 / All) FightOrFlight: Should have
(32:49 / All) FightOrFlight: But you didn't
(32:53 / All) FightOrFlight: So no gains and no losses
(33:00 / All) FightOrFlight: And most certainly no money
(33:03 / All) FightOrFlight: I own all the land here
(33:07 / All) FightOrFlight: No one else is building on it
(33:11 / All) FightOrFlight: I have all the mines
(33:12 / All) FightOrFlight: All the gold
(33:17 / All) FightOrFlight: The treasuries are full of my luxuries
(33:21 / All) Slapstick: DOn't make me get bats
(34:04 / All) Slapstick: You gotta play hardball huh, yellow?
(34:15 / All) dabsdabsdabs: lol i guess.
(35:00 / All) Slapstick: You can't have that expansion because I am taking it, so stop stealing my gold
(35:17 / All) RILEY-COOPERLOL: FALL BAKC
(35:27 / Allies) Slapstick: come green
(35:33 / Allies) lmnakedrightnow: suicide
(35:36 / Allies) Slapstick: no it isn't
(36:06 / All) Slapstick: gtfo
(36:13 / All) RILEY-COOPERLOL: why be mean
(36:23 / All) Slapstick: He's delaying my enterprises
(39:46 / Allies) FightOrFlight: Leave his peons there
(39:48 / Allies) FightOrFlight: I want to surprise him
(39:57 / Allies) lmnakedrightnow: gold
(39:59 / Allies) Slapstick: Everybody loves surprises
(40:15 / All) FightOrFlight: Check out those towers teal
(40:33 / All) RILEY-COOPERLOL: die green
(40:42 / All) lmnakedrightnow: purple will let you
(40:48 / All) RILEY-COOPERLOL: let u what
(40:56 / All) lmnakedrightnow: let you kill me
(41:52 / All) RILEY-COOPERLOL: did u guys even get one unit this game lol
(42:04 / All) FightOrFlight: I got creeping footies and 1 dhawk lawl
(42:32 / Allies) Slapstick: I got 6 bats but didn't actually have to use them
(42:36 / Allies) lmnakedrightnow: gold me please pink?
(42:40 / Allies) Slapstick: and two dragons chillin
(42:56 / Allies) Slapstick: They don't call me Rich Uncle Pennybags for nothing
(43:10 / Allies) Slapstick: You don't get as wealthy as me by running charities
(44:13 / All) RILEY-COOPERLOL: green what happened on u rside
(45:21 / All) RILEY-COOPERLOL: are u a pepperoni pizza guy green
(45:24 / All) RILEY-COOPERLOL: or a sausage guy
(45:32 / Allies) Slapstick: die beggar
(46:39 / All) lmnakedrightnow: theyre tking
(46:44 / All) RILEY-COOPERLOL: what
(46:48 / All) Slapstick: yeah that's right so go fuck yourself and leave
(46:52 / All) FightOrFlight: You lose
(46:53 / All) FightOrFlight: Bye
(46:54 / All) lmnakedrightnow: because we run the map so hard
(46:57 / All) FightOrFlight: Yeah
(46:59 / All) FightOrFlight: WE
(47:00 / All) FightOrFlight: not you
(47:02 / All) RILEY-COOPERLOL: why u run
(47:04 / All) FightOrFlight: So get the fuck out you piece of shit
(47:09 / All) FightOrFlight: GET
(47:09 / All) FightOrFlight: THE
(47:10 / All) FightOrFlight: FUCK
(47:11 / All) FightOrFlight: OUT
(47:12 / All) FightOrFlight: GAME RESUMED
(47:30 / All) lmnakedrightnow: we have 11 mines
(47:30 / All) FightOrFlight: Leave you get a tie
(47:31 / All) lmnakedrightnow: gg
(47:33 / All) FightOrFlight: Stay you got a loss
(47:38 / All) FightOrFlight: Yeah
(47:40 / All) FightOrFlight: And we will kill everything
(47:43 / All) FightOrFlight: including our own stuff
(47:45 / All) FightOrFlight: to give you a loss
(47:57 / All) lmnakedrightnow: pink has 25000
(48:02 / All) lmnakedrightnow: blue34000
(48:04 / All) lmnakedrightnow: gg
(48:05 / All) FightOrFlight: I have 33,000 what's your point
(48:07 / All) FightOrFlight: also I'm purple
(48:10 / All) FightOrFlight: you colourblind cunt
(48:13 / All) lmnakedrightnow: whatve
(48:17 / All) FightOrFlight: We'll use them to kill YOU, green
(48:23 / All) FightOrFlight: And give your ugly faggot face a loss
(48:37 / All) FightOrFlight: Do you want to do this the long way or the short way?
(48:39 / All) FightOrFlight: Leave you get a tie
(48:42 / All) FightOrFlight: Stay you get a loss
(48:48 / All) RILEY-COOPERLOL: u guys suck
(48:50 / All) RILEY-COOPERLOL: ill pwn ur ass
(48:52 / All) RILEY-COOPERLOL: especially green
(49:27 / All) lmnakedrightnow: watch replay
(49:31 / All) RILEY-COOPERLOL: why
(49:34 / All) lmnakedrightnow: this shit is ridiculous
(49:39 / All) lmnakedrightnow: what i can see now
(49:41 / All) FightOrFlight: Everything dies to make you lose
(49:47 / All) FightOrFlight: So get the fuck out and get a tie or stay and get a loss
(49:54 / All) RILEY-COOPERLOL: fucking noob pink
(50:01 / All) lmnakedrightnow: no
(50:05 / All) lmnakedrightnow: your losing
(50:11 / All) RILEY-COOPERLOL: ill pwn pink and purp
(50:16 / All) lmnakedrightnow: no
(50:19 / All) FightOrFlight: I'm 0-0 I don't care if I lose
(50:20 / All) FightOrFlight: Green loses
(50:21 / All) lmnakedrightnow: you wont
(50:27 / All) FightOrFlight: Orange was 100x better than you green
(50:28 / All) lmnakedrightnow: good
(50:29 / All) FightOrFlight: He gets the win
(50:56 / All) lmnakedrightnow: lol
(51:00 / All) lmnakedrightnow: so many hero kills
(51:05 / All) RILEY-COOPERLOL: let me fucking heal pink!!!!!
(51:15 / All) lmnakedrightnow: wtf is this retarded shit
(51:19 / All) lmnakedrightnow: afk
(51:56 / All) lmnakedrightnow: lvl ten agility plus 8
(52:01 / All) RILEY-COOPERLOL: what
(52:03 / All) lmnakedrightnow: he acts like a lvl 14
(52:09 / All) lmnakedrightnow: with his items
(52:15 / All) lmnakedrightnow: the bm you just met
(52:17 / All) RILEY-COOPERLOL: he didnt help u
(52:31 / All) lmnakedrightnow: well, didnt help you much either
(52:40 / All) lmnakedrightnow: was that 9 hero kills in a row?
(52:51 / All) RILEY-COOPERLOL: dont be a dick man
(52:54 / All) RILEY-COOPERLOL: we're against each other
(52:58 / All) RILEY-COOPERLOL: u are allies
(53:25 / All) Slapstick: Nikoro is the brother of Tojara
(53:31 / All) lmnakedrightnow: his bm could solo your raised expo in the south
(53:55 / All) RILEY-COOPERLOL: are u imwasted now
(54:18 / Allies) FightOrFlight: I was saving them for last
(54:57 / Allies) lmnakedrightnow: wtf
(56:06 / All) FightOrFlight: Make a cannon tower on the low ground
(56:11 / All) FightOrFlight: then use that to finish it
(56:16 / All) FightOrFlight: but only upgrade it once the rest is dead
(57:06 / All) FightOrFlight: Actually an arcane tower I think since it's slower
(57:07 / All) RILEY-COOPERLOL: i got 100% tech
(57:15 / All) FightOrFlight: do an arcane instead
(57:23 / All) FightOrFlight: but don't upgrade yet bob's stuff isn't dead
(57:48 / All) lmnakedrightnow: lol
(57:51 / All) lmnakedrightnow: smoke dat
(58:04 / All) RILEY-COOPERLOL: perhpas i was wrong about green
(58:11 / All) RILEY-COOPERLOL: i get him mixed up with imwastednow
(58:21 / All) lmnakedrightnow: oohhh okay.
(58:35 / All) lmnakedrightnow: heard of him, strangely enough...
(58:41 / All) lmnakedrightnow: not high now
(58:52 / All) lmnakedrightnow: snorted a bunch of addy
(58:59 / All) RILEY-COOPERLOL: wat is addy
(59:08 / All) lmnakedrightnow: adderall, my man.
(59:08 / All) RILEY-COOPERLOL: a type of ciggerate?
(59:25 / All) FightOrFlight: Orange isn't a man by the way
(59:30 / All) lmnakedrightnow: i want another game
(59:38 / All) RILEY-COOPERLOL: im an orca
(59:40 / All) lmnakedrightnow: before wc3 stops searching well
(59:44 / All) FightOrFlight: I don't mean that as in female
(59:47 / All) FightOrFlight: But a manchild
(59:51 / All) FightOrFlight: I agree
(59:58 / All) FightOrFlight: but WCIV would probably suck since blizzard does now
(59:59 / All) lmnakedrightnow: dude oj its gg
(60:22 / All) RILEY-COOPERLOL: u mean i gonna lose : (
(60:30 / All) lmnakedrightnow: ya... sry
(60:47 / Allies) Slapstick: soon
(61:02 / All) lmnakedrightnow: can I tell him your crazy army pink
(61:21 / All) Slapstick: 4 dragons and a Nikoro
(61:37 / All) lmnakedrightnow: make sure tower doesnt get kill
(61:44 / Allies) lmnakedrightnow: good
(61:49 / All) FightOrFlight: It was attacking my AM, I always forget about that
(62:08 / Allies) lmnakedrightnow: good
(62:27 / All) lmnakedrightnow: dude you're so boned
(62:56 / Allies) Slapstick: he probably thinks that's the last building
(63:06 / All) RILEY-COOPERLOL: need to sell items to afford cannon tower
(63:11 / All) FightOrFlight: No
(63:14 / All) FightOrFlight: I told you
(63:15 / All) FightOrFlight: to get arcane
(63:18 / Allies) lmnakedrightnow: your hero
(63:19 / All) RILEY-COOPERLOL: now?
(63:20 / All) FightOrFlight: But only when the time is right
(63:27 / All) FightOrFlight: Not yet
(63:34 / All) FightOrFlight: Turncoat hasn't finished his last buildings
(63:36 / All) lmnakedrightnow: kk
(63:42 / All) lmnakedrightnow: this is so gay
(63:47 / All) lmnakedrightnow: please dude please leave
(63:53 / All) RILEY-COOPERLOL: lol
(63:54 / All) FightOrFlight: Do you want the win?
(64:08 / All) lmnakedrightnow: im gonna get it...
(64:14 / All) lmnakedrightnow: we all just want another game
(64:21 / All) FightOrFlight: Who is we all
(64:26 / All) FightOrFlight: Certainly not *us*
(64:36 / All) FightOrFlight: stop attacking that
(64:38 / All) FightOrFlight: careful
(65:09 / All) lmnakedrightnow: omg
(65:14 / All) lmnakedrightnow: another sacrifice
(65:18 / All) lmnakedrightnow: what are we doing
(65:23 / All) lmnakedrightnow: was this planned
(65:31 / All) RILEY-COOPERLOL: what
(65:33 / All) FightOrFlight: No
(65:40 / All) FightOrFlight: I'm just using their names since I asked
(65:51 / All) FightOrFlight: Arcane towers go
(66:04 / All) FightOrFlight: Yo
(66:09 / All) FightOrFlight: Jokob
(66:11 / All) FightOrFlight: Make towers
(66:13 / All) FightOrFlight: Arcane ones
(66:24 / All) FightOrFlight: Good work
(66:44 / Allies) lmnakedrightnow: get dragon
(66:47 / Allies) Slapstick: How
(66:50 / Allies) FightOrFlight: No food
(67:03 / Allies) FightOrFlight: Dragons are hungry animals
(67:06 / Allies) FightOrFlight: don't you watch animal planet
(67:08 / Allies) FightOrFlight: We have no food
(67:35 / All) RILEY-COOPERLOL: conjurus rex is safe
(67:56 / All) lmnakedrightnow: bm has 900 mana
(67:59 / All) lmnakedrightnow: check him out